Map: Acropolis LE

Players

PillowScream - Winner!

  • Race: Protoss Protoss
  • League: Platinum
  • Spawn Location: 11:00

pHARM

  • Race: Zerg Zerg
  • League: Platinum
  • Spawn Location: 5:00

VOD

Have the link to the VOD?

Description

Time

  • Played on: Aug. 8, 2019, 12:34 a.m.
  • Length: 7:30
Show
View Real Time Build Order
Export as new Build Order

PillowScream Protoss - Winner!

Build Orders: Nexus First 

Get SALT Encoding   

  1  0:00  Probe  
  12  0:05  Probe  
  14  0:23  Pylon  
  14  0:27  Probe  
  15  0:41  Probe  
  16  0:59  Nexus  
  16  1:11  Probe  
  16  1:16  Forge  
  17  1:19  Probe  
  18  1:28  Probe  
  19  1:38  Gateway  
  19  1:40  Assimilator, Probe  
  20  1:51  Photon Cannon  
  20  1:52  Probe  
  21  2:04  Probe  
  21  2:07  Probe  
  22  2:15  Probe  
  23  2:17  Probe  
  25  2:29  Cybernetics Core  
  25  2:31  Probe x2  
  25  2:32  Zealot  
  29  2:37  Assimilator  
  29  2:39  Probe  
  29  2:43  Probe  
  31  2:49  Probe  
  31  2:57  Pylon  
  32  3:00  Probe  
  32  3:05  Probe  
  34  3:07  Warp Gate  
  34  3:09  Sentry  
  36  3:15  Probe  
  36  3:19  Probe  
  38  3:22  Pylon  
  38  3:27  Probe  
  38  3:31  Probe  
  38  3:32  Robotics Facility  
  40  3:41  Nexus  
  40  3:44  Pylon  
  40  3:45  Probe  
  40  3:46  Probe  
  42  3:48  Stalker  
  44  3:57  Probe  
  44  3:59  Probe  
  44  4:00  Gateway  
  44  4:02  Gateway  
  46  4:09  Photon Cannon  
  46  4:10  Probe  
  46  4:12  Observer, Gateway  
  47  4:18  Stalker  
  47  4:22  Probe  
  51  4:25  Assimilator, Protoss Ground Weapons Level 1  
  51  4:28  Probe  
  51  4:29  Pylon  
  52  4:36  Assimilator  
  52  4:40  Gateway  
  52  4:46  Pylon  
  52  4:47  Probe  
  52  4:51  Immortal  
  57  4:54  Pylon  
  57  4:58  Probe  
  58  5:01  Probe x2, Twilight Council  
  60  5:09  Probe  
  60  5:11  Zealot x2  
  60  5:13  Sentry  
  67  5:16  Probe  
  67  5:18  Probe  
  67  5:19  Probe  
  70  5:37  Zealot x4  
  70  5:38  Zealot  
  80  5:48  Probe x3  
  83  5:52  Gateway  
  83  5:53  Pylon  
  82  5:58  Stalker x4  
  82  6:00  Probe  
  82  6:01  Sentry  
  87  6:44  Stalker x5  
  81  7:19  Stalker x2  
  81  7:20  Stalker x4  
  95  7:30  Assimilator  
Show
View Real Time Build Order
Export as new Build Order

pHARM Zerg 

Build Orders: Hatch First 

Get SALT Encoding   

  12  0:01  Drone  
  13  0:12  Overlord  
  13  0:25  Drone  
  14  0:33  Drone x2  
  16  0:53  Hatchery  
  16  0:54  Drone  
  16  1:01  Drone x2  
  18  1:13  Drone  
  19  1:19  Spawning Pool  
  18  1:29  Drone  
  19  1:42  Extractor  
  19  1:45  Drone  
  19  1:46  Drone  
  20  1:57  Drone  
  21  2:02  Overlord  
  21  2:07  Queen  
  23  2:09  Queen  
  25  2:20  Drone  
  25  2:21  Drone x2  
  28  2:44  Drone x3  
  28  2:45  Drone  
  28  2:48  Queen  
  34  2:51  Drone x2  
  34  2:57  Metabolic Boost  
  36  3:01  Overlord x2  
  36  3:24  Drone  
  36  3:25  Drone x7  
  44  3:29  Hatchery  
  43  3:37  Evolution Chamber  
  43  3:40  Drone  
  43  3:41  Drone x3  
  46  3:55  Drone  
  46  3:56  Drone  
  46  3:58  Roach Warren  
  47  4:05  Extractor  
  47  4:06  Extractor  
  45  4:28  Drone  
  46  4:34  Drone  
  46  4:35  Drone x5  
  46  4:37  Spore Crawler  
  51  4:42  Lair  
  51  4:43  Overlord x2  
  51  4:53  Zerg Missile Weapons Level 1  
  51  4:58  Spore Crawler  
  50  5:00  Spore Crawler  
  50  5:06  Drone x2  
  50  5:07  Drone x8  
  59  5:21  Overlord x3  
  59  5:22  Drone x4  
  63  5:30  Hatchery  
  62  5:59  Glial Reconstitution  
  62  6:04  Roach x14  
  78  6:06  Overlord x3  
  90  6:18  Roach  
  89  6:19  Overlord x2  
  83  6:33  Roach x5  
  79  6:47  Roach x3  
  79  6:48  Roach  
  79  6:51  Roach x2  
  77  7:02  Roach x2  
  77  7:05  Roach  
  77  7:06  Roach  
Tags
 
Add a new tag
Caveats
  • Supply blocks, unpowered buildings, or Contaminate may cause inaccurate times.
  • Supply counts are checked every 10 seconds.